 Dungeon Crawl Stone Soup version 0.29.0-11-gd7f09526c8 (webtiles) character file.

Game seed: 5884893115792811508

22 greasedhog the Chopper (level 3, 0/31 HPs)
             Began as a Meteoran Berserker on Sept 6, 2022.
             Was a Follower of Trog.
             Succumbed to an adder's poison
             ... on level 2 of the Dungeon.
             The game lasted 00:00:42 (147 turns).

greasedhog the Chopper (Meteoran Berserker)          Turns: 147, Time: 00:00:43

Health: 0/31       AC:  3    Str: 20    XL:     3   Next: 23%
Magic:  4/4        EV: 13    Int:  8    God:    Trog [*.....]
Gold:   25         SH:  0    Dex: 14    Spells: 2/2 levels left

rFire   . . .      SeeInvis .   a - +0 hand axe
rCold   . . .      Faith    .   (no shield)
rNeg    . . .      Spirit   .   b - +0 animal skin
rPois   .          Reflect  .   (no helmet)
rElec   .          Harm     .   (no cloak)
rCorr   .          Rampage  .   c - +0 pair of gloves
Will    .....                   (no boots)
Stlth   +.........              (no amulet)
HPRegen 0.10/turn               (no ring)
MPRegen 0.09/turn               (no ring)

@: lethally poisoned (0 -> -1), glowing
A: sense surroundings 1, otherworldly, glowing, explore regen
a: Renounce Religion, Berserk


You were on level 2 of the Dungeon.
You worshipped Trog.
Trog was aware of your devotion.
You visited 1 branch of the dungeon, and saw 2 of its levels.

You collected 25 gold pieces.

Inventory:

Hand Weapons
 a - a +0 hand axe (weapon)
Armour
 b - a +0 animal skin (worn)
 c - a +0 pair of gloves (worn)
Scrolls
 d - a scroll of summoning {unknown}


   Skills:
 + Level 3.6 Fighting
 + Level 4.0 Axes
 + Level 2.9 Armour
 + Level 2.9 Dodging


You had 2 spell levels left.
You didn't know any spells.
Your spell library was empty.

Dungeon Overview and Level Annotations

Branches:
Dungeon (2/15) Zot: 1046

Altars:


Innate Abilities, Weirdness & Mutations

You passively map a small area around you.
You are easily found by Zot.
You glow in the dark.
You regain HP and MP as you explore.


Message History

You feel sick. The adder bites you.
The giant cockroach bites you but does no damage.
The adder bites you but does no damage.
You completely miss the adder.
The adder is almost dead.
You hit the giant cockroach.
You feel sick. The adder bites you.
You are more poisoned.
The adder poisons you! The giant cockroach closely misses you.
You closely miss the adder.
The adder is almost dead.
You barely miss the giant cockroach.
You feel sick. The adder bites you but does no damage.
The giant cockroach bites you.
You hit the adder but do no damage.
The adder is almost dead.
You closely miss the giant cockroach.
You feel sick. The adder misses you. The giant cockroach closely misses you.
The adder bites you.
* * * LOW HITPOINT WARNING * * *
The giant cockroach completely misses you.
You slash the adder!
You kill the adder!
Trog accepts your kill.
You hit the giant cockroach.
You feel sick. The giant cockroach bites you.
* * * LOW HITPOINT WARNING * * *
Your Axes skill increases to level 4!
You have reached level 3!
Your experience leads to an increase in your attributes!
Increase (S)trength, (I)ntelligence, or (D)exterity?
You feel stronger. x2; You feel agile.
You barely miss the giant cockroach.
The giant cockroach is severely wounded.
You feel sick.
The giant cockroach bites you but does no damage. x2
You completely miss the giant cockroach.
The giant cockroach is severely wounded.
* * * LOW HITPOINT WARNING * * *
You feel sick. The giant cockroach bites you.
* * * LOW HITPOINT WARNING * * *
You closely miss the giant cockroach.
The giant cockroach is severely wounded.
You die...

,, , * , *** **
, , * , , , , ,
, ,## * ^ , *
.# * , ,,
######.###*
##.<......#
#.†.......##.
,, ,
#....@....... ,
##....B.....? ,
#.........#..
#.....!...... ,
,
.............#
,
.###..?.......#
, ,.
*............ ,
..##......... ,
* *


You could see a giant cockroach.

Vanquished Creatures
  An adder (D:2)
  A giant cockroach (D:1)
  A goblin (D:1)
  A hobgoblin (D:2)
  6 jackals (D:1)
  A bat (D:2)
11 creatures vanquished.

Notes
Turn   | Place    | Note
-------+----------+-------------------------------------------
     0 | D:1      | greasedhog the Meteoran Berserker began the quest for the
                  | Orb.
     0 | D:1      | Reached XP level 1. HP: 19/19 MP: 2/2
    53 | D:1      | Reached XP level 2. HP: 16/26 MP: 3/3
   145 | D:2      | Reached skill level 4 in Axes
   145 | D:2      | Reached XP level 3. HP: 6/31 MP: 4/4
   146 | D:2      | HP: 1/31 [giant cockroach (2)]
   147 | D:2      | Succumbed to an adder's poison

Illustrated notes

Levels and vault maps discovered:
D:1:      heliophobic_arrival_henge, layout_basic
D:2:      layout_rooms, nicolae_grassy_gnolls, uniq_terence

Skill      XL: |  1  2 |
---------------+-------+-----
Axes           | 4 |  4.0
Fighting       | |  3.6
Armour         | |  2.9
Dodging        | |  2.9

Action                   || total
-------------------------++-------
Melee: Hand axe          ||    55
Armor: Animal skin       ||    23
Dodge: Dodged            ||    35
